 Dungeon Crawl Stone Soup version 0.23.2-1-ga50397a6bc (webtiles) character file.

Game seed: 8044455484741611545

12562 Lennu the Carver (level 11, -10/88 HPs)
             Began as a Demonspawn Fighter on Apr 24, 2019.
             Was an Elder of Makhleb.
             Killed by divine providence
             ... invoked by a smoke demon
             ... summoned by an orc high priest
              (16 damage)
             ... on level 1 of the Orcish Mines.
             The game lasted 00:40:37 (15572 turns).

Lennu the Carver (Demonspawn Fighter)              Turns: 15572, Time: 00:40:37

Health: -10/88     AC: 19    Str: 18    XL:     11   Next: 64%
Magic:  16/16      EV: 10    Int:  9    God:    Makhleb [****..]
Gold:   653        SH:  0    Dex: 13    Spells: 10/10 levels left

rFire    + . .     SeeInvis .   G - +1 great sword
rCold    . . .     Gourm    +   (shield currently unavailable)
rNeg     . . .     Faith    .   w - +0 shadow dragon scales
rPois    .         Spirit   .   p - +0 helmet
rElec    .         Reflect  .   r - +1 cloak
rCorr    +         Harm     .   (no gloves)
MR       .....                  (boots unavailable)
Stlth    +++.......             v - amulet of the gourmand
HPRegen  0.24/turn              i - ring of resist corrosion
MPRegen  0.15/turn              (no ring)

@: no status effects
A: talons 3, rugged brown scales 2, demonic guardian 2, fire resistance 1, sense
surroundings 1, weak 1, wild magic 1, flame cloud immunity
a: Minor Destruction, Lesser Servant of Makhleb, Major Destruction, Renounce
Religion


You were on level 1 of the Orcish Mines.
You worshipped Makhleb.
Makhleb was greatly pleased with you.
You were completely stuffed.

You visited 3 branches of the dungeon, and saw 13 of its levels.
You also visited: Ossuary.

You collected 653 gold pieces.

Inventory:

Hand Weapons
 a - a +0 long sword
 G - a +1 great sword (weapon)
Armour
 c - a +0 shield
 o - +0 steam dragon scales
 p - a +0 helmet (worn)
 r - a +1 cloak (worn)
 w - +0 shadow dragon scales (worn)
Jewellery
 i - a ring of resist corrosion (left hand)
 v - an amulet of the gourmand (around neck)
 A - an uncursed amulet of the acrobat
Wands
 g - a wand of digging (6)
 l - a wand of random effects (9)
 u - a wand of enslavement (7)
 x - a wand of iceblast (15)
 y - a wand of disintegration (10)
 B - a wand of flame (15)
Scrolls
 b - a scroll of holy word {unknown}
 e - 3 scrolls of remove curse
 m - 11 scrolls of teleportation
 n - 3 scrolls of magic mapping
 q - 3 scrolls of enchant weapon
 D - a scroll of fear
 F - 2 scrolls of identify
Potions
 h - a potion of resistance
 j - a potion of invisibility
 k - 3 potions of lignification
 s - a potion of haste
 t - a potion of ambrosia
 z - a potion of berserk rage
 C - 5 potions of agility
 E - a potion of curing
Comestibles
 f - 19 rations
 H - 6 chunks of flesh


   Skills:
 * Level 7.4 Fighting
 * Level 9.7 Long Blades
 * Level 7.8 Armour
 * Level 6.4 Dodging
 * Level 2.3 Stealth
 * Level 8.3 Shields
 * Level 7.8 Invocations


You had 10 spell levels left.
You didn't know any spells.
Your spell library was empty.

Dungeon Overview and Level Annotations

Branches:
Dungeon (11/15)            Temple (1/1) D:7             Orc (1/2) D:9
   Lair: D:8-11

Altars:
Ashenzari
Cheibriados
Dithmenos
Elyvilon
Fedhas
Gozag
Hepliaklqana
Kikubaaqudgha
Makhleb
Nemelex Xobeh
Okawaru
Qazlal
Ru
Sif Muna
Trog
Uskayaw
Vehumet
Wu Jian
Xom
Yredelemnul
Zin
The Shining One
Beogh

Shops:
D:5 %   D:8 *:[=?   Orc:1 ??


Innate Abilities, Weirdness & Mutations

You have claws for feet.
You are mostly covered in rugged brown scales. (AC +2, +5% HP)
A demonic guardian rushes to your aid.
Your flesh is heat resistant. (rF+)
You are immune to clouds of flame.
You passively map a small area around you.
You are weak. (Str -2)
Your spells are a little harder to cast, but a little more powerful.


Message History

Beogh smites you!
* * * LOW HITPOINT WARNING * * *
The smoke demon gestures at you. Beogh smites you!
* * * LOW HITPOINT WARNING * * *
The orc priest barely misses you.
You riposte.
You closely miss the orc priest.
The orc priest is heavily wounded.
The orc high priest barely misses you.
Your hellwing barely misses the orc priest.
Your hellwing hits the orc priest! You slash the orc priest!
You kill the orc priest!
Makhleb accepts your kill.
You feel better. The orc high priest barely misses you.
The smoke demon gestures at you. Beogh smites you!
* * * LOW HITPOINT WARNING * * *
The smoke demon gestures at you. Beogh smites you!
You die...

* ##.......# * , ,,
............#.......#
.............##......#
...............#......#
* ,
......._.......#......#
...............#......#
#......o3.....###.).###
#.............# ##)##
#.....43@...####...###*,
##..))4..###........#
..####'####..........#
,,
...,##.##............# ,
....#...#............#
....#...#............#
....'...'............#
....#...#............#
.....#...#............#


You could see an orc high priest, 2 smoke demons, a friendly orange demon and a
friendly hellwing.

Vanquished Creatures
  An orc sorcerer (Orc:1)
  Prince Ribbit (D:7)
  A hornet (D:9)
  A hippogriff (D:9)
  Sigmund (D:2)
  Eustachio (D:6)
  A hungry ghost (D:8)
  10 yaks
  A steam dragon (D:7)
  A sky beast (D:10)
  6 orc warriors
  2 ice beasts
  An eye of draining (D:11)
  A black bear (D:6)
  A phantom (D:4)
  4 ogres
  4 centaurs
  A crocodile (D:11)
  An elf zombie (Ossuary)
  6 bullfrogs
  A wyvern skeleton (D:6)
  2 scorpions
  5 wights (D:8)
  8 killer bees
  A howler monkey (D:7)
  2 crimson imps
  3 human zombies (Ossuary)
  A bullfrog zombie (D:9)
  A hound (D:9)
  3 bullfrog skeletons
  7 orc priests
  16 orc wizards
  2 iguanas
  5 worker ants
  A killer bee zombie (D:6)
  A big kobold zombie (Ossuary)
  2 hound skeletons (D:7)
  A mummy (Ossuary)
  5 gnolls
  11 adders
  5 shadow imps
  2 oozes
  4 adder zombies
  7 worms
  3 dart slugs
  7 leopard geckos
  35 orcs
  2 ball pythons (D:1)
  8 bats
  5 giant cockroaches
  A gnoll zombie (D:4)
  12 goblins
  9 hobgoblins
  12 jackals
  4 quokkas
  2 frilled lizards
  12 hobgoblin zombies (Ossuary)
  3 jackal zombies (Ossuary)
  8 kobolds
  7 kobold zombies (Ossuary)
  A leopard gecko zombie (D:6)
  5 orc zombies (Ossuary)
  A quokka zombie (D:7)
  12 rats
291 creatures vanquished.

Vanquished Creatures (collateral kills)
  An orc warlord (Orc:1)
  An orc knight (Orc:1)
  A manticore (D:9)
  A komodo dragon (D:11)
  A hippogriff (D:9)
  A spriggan (D:9)
  11 yaks
  10 orc warriors (Orc:1)
  A sky beast (D:5)
  A scorpion (D:5)
  6 killer bees
  A crimson imp (D:5)
  5 orc priests (Orc:1)
  An orc wizard (Orc:1)
  A worker ant (D:6)
  A mummy (Ossuary)
  2 adders
  11 orcs
  A hobgoblin zombie (Ossuary)
  An orc zombie (Ossuary)
  A rat zombie (Ossuary)
60 creatures vanquished.

Vanquished Creatures (others)
  An orc priest (D:3)
  28 plants (D:11)
29 creatures vanquished.

Grand Total: 380 creatures vanquished

Notes
Turn   | Place    | Note
-------+----------+-------------------------------------------
     0 | D:1      | Lennu the Demonspawn Fighter began the quest for the Orb.
     0 | D:1      | Reached XP level 1. HP: 18/18 MP: 1/1
   330 | D:1      | Gained mutation: You have sharp toenails. [demonic
                  | ancestry]
   330 | D:1      | Reached XP level 2. HP: 13/24 MP: 2/2
   666 | D:1      | Reached skill level 2 in Long Blades
   738 | D:1      | Reached XP level 3. HP: 27/29 MP: 3/3
  1460 | D:2      | Reached skill level 1 in Dodging
  1494 | D:2      | Noticed Sigmund
  1508 | D:2      | Killed Sigmund
  1508 | D:2      | Reached skill level 3 in Long Blades
  1508 | D:2      | Gained mutation: Your flesh is heat resistant. (rF+)
                  | [demonic ancestry]
  1508 | D:2      | Reached XP level 4. HP: 17/35 MP: 4/4
  1508 | D:2      | Gained mutation: A weak demonic guardian rushes to your
                  | aid. [demonic ancestry]
  1508 | D:2      | Reached XP level 5. HP: 20/41 MP: 5/5
  1906 | D:2      | Found a bloodstained altar of Trog.
  1906 | D:2      | Found a sacrificial altar of Ru.
  1911 | D:2      | Found a hide-covered altar of Uskayaw.
  1935 | D:2      | Found an iron altar of Okawaru.
  2058 | D:2      | Noticed an ogre
  2064 | D:2      | Killed an ogre
  2064 | D:2      | Gained mutation: You have razor-sharp toenails. [demonic
                  | ancestry]
  2064 | D:2      | Reached XP level 6. HP: 40/47 MP: 6/6
  2619 | D:2      | Found a shattered altar of Ashenzari.
  2741 | D:3      | Found a deep blue altar of Sif Muna.
  2767 | D:3      | Reached skill level 4 in Long Blades
  3089 | D:3      | Found an ancient bone altar of Kikubaaqudgha.
  3523 | D:3      | Noticed a moth of wrath
  3526 | D:3      | Found a bloodstained altar of Trog.
  4005 | D:4      | Gained mutation: You have claws for feet. [demonic
                  | ancestry]
  4005 | D:4      | Reached XP level 7. HP: 52/52 MP: 7/7
  4408 | D:4      | Found a sand-covered staircase.
  4415 | Ossuary  | Entered an ossuary
  4559 | Ossuary  | Reached skill level 5 in Long Blades
  5904 | D:5      | Entered Level 5 of the Dungeon
  5986 | D:5      | Gained mutation: You are partially covered in rugged brown
                  | scales. (AC +1, +3% HP) [demonic ancestry]
  5986 | D:5      | Reached XP level 8. HP: 48/61 MP: 8/8
  6326 | D:5      | Found Caquf's Food Emporium.
  6339 | D:5      | Found a snail-covered altar of Cheibriados.
  6897 | D:6      | Found a burning altar of Makhleb.
  6925 | D:6      | Became a worshipper of Makhleb the Destroyer
  7424 | D:6      | Reached skill level 6 in Long Blades
  7424 | D:6      | Reached skill level 5 in Armour
  7466 | D:6      | Found a radiant altar of Vehumet.
  7691 | D:6      | Noticed Eustachio
  7715 | D:6      | Killed Eustachio
  7715 | D:6      | Reached skill level 5 in Shields
  7715 | D:6      | Reached skill level 1 in Invocations
  7875 | D:7      | Noticed Prince Ribbit
  7884 | D:7      | Killed Prince Ribbit
  8191 | D:7      | Gained mutation: You are weak. (Str -2) [potion of
                  | mutation]
  8191 | D:7      | Gained mutation: You passively map a small area around you.
                  | [potion of mutation]
  8191 | D:7      | Gained mutation: Your spells are a little harder to cast,
                  | but a little more powerful. [potion of mutation]
  8191 | D:7      | Gained mutation: You are mostly covered in rugged brown
                  | scales. (AC +2, +5% HP) [potion of mutation]
  8194 | D:7      | Reached skill level 8 in Long Blades
  8194 | D:7      | Reached skill level 5 in Dodging
  8194 | D:7      | Gained mutation: A demonic guardian rushes to your aid.
                  | [demonic ancestry]
  8194 | D:7      | Reached XP level 9. HP: 44/73 MP: 9/13
  8423 | D:7      | Found a staircase to the Ecumenical Temple.
  8434 | D:7      | Gained mutation: You are immune to clouds of flame.
                  | [demonic ancestry]
  8434 | D:7      | Reached XP level 10. HP: 80/80 MP: 14/14
  8456 | D:7      | Found a sparkling altar of Nemelex Xobeh.
  8457 | D:7      | Found an opulent altar of Gozag.
  8716 | D:7      | Reached * piety under Makhleb
  9820 | D:8      | Found Huchac's Armour Boutique.
  9821 | D:8      | Got a blackened spear
  9822 | D:8      | Identified the +1 spear "Undertaker" {distort, rC+} (You
                  | found it on level 8 of the Dungeon)
  9878 | D:8      | Found Furuast's General Store.
  9909 | D:8      | Found Vuqudenn's Book Shoppe.
  9972 | D:8      | Found a bloodstained altar of Trog.
 10202 | D:8      | Found Rukes's Jewellery Emporium.
 10256 | D:8      | Reached ** piety under Makhleb
 10360 | D:8      | Found Soygets's Magic Scroll Shop.
 10605 | D:9      | Found a basalt altar of Yredelemnul.
 10711 | D:9      | Found a staircase to the Orcish Mines.
 10727 | D:9      | Paralysed by a hornet for 1 turns
 11691 | D:9      | Noticed a manticore
 11700 | D:9      | Killed a manticore
 12225 | D:10     | Entered Level 10 of the Dungeon
 12301 | D:10     | Reached skill level 9 in Long Blades
 12490 | D:10     | Mutation became permanent: You are partially covered in
                  | rugged brown scales. (AC +1, +3% HP) [demonic ancestry]
 12490 | D:10     | Gained mutation: You are mostly covered in rugged brown
                  | scales. (AC +2, +5% HP) [demonic ancestry]
 12490 | D:10     | Reached XP level 11. HP: 59/87 MP: 16/16
 12732 | D:10     | Reached *** piety under Makhleb
 13262 | D:10     | Found a shimmering altar of Xom.
 13446 | D:11     | Reached skill level 1 in Stealth
 14551 | Temple   | Entered the Ecumenical Temple
 14838 | Orc:1    | Entered Level 1 of the Orcish Mines
 14865 | Orc:1    | Found Peutsiff's Magic Scroll Emporium.
 14907 | Orc:1    | Reached **** piety under Makhleb
 15150 | Orc:1    | Found Gawedd's Magic Scroll Shop.
 15152 | Orc:1    | Found a roughly hewn altar of Beogh.
 15181 | Orc:1    | Noticed an orc warlord
 15208 | Orc:1    | Killed an orc warlord
 15216 | Orc:1    | Noticed an orc knight
 15231 | Orc:1    | Killed an orc knight
 15500 | Orc:1    | Noticed an orc sorcerer
 15513 | Orc:1    | Killed an orc sorcerer
 15560 | Orc:1    | Found a roughly hewn altar of Beogh.
 15564 | Orc:1    | Noticed an orc high priest
 15569 | Orc:1    | HP: 4/88 [orc high priest/+0 glaive (9)]
 15572 | Orc:1    | Killed from afar by a smoke demon

Skill      XL: |  1  2  3  4  5  6  7  8  9 10 11 |
---------------+----------------------------------+-----
Armour         | 3 4 6 7 |  7.8
Shields        | 3 4 6 7 8 |  8.3
Long Blades    | 2 3 4 5 8 9 |  9.7
Dodging        | 1 2 5 6 |  6.4
Fighting       | 6 7 |  7.4
Invocations    | 6 7 |  7.8
Stealth        | 2 |  2.3

Action                   |  1- 3 |  4- 6 |  7- 9 | 10-12 || total
-------------------------+-------+-------+-------+-------++-------
Melee: Long sword        |   123 |   147 |   288 |   564 ||  1122
       Kick              |    23 |    51 |    90 |   217 ||   381
       Great sword       |       |       |       |    23 ||    23
Invok: Lesser Servant of |       |       |       |     4 ||     4
       Major Destruction |       |       |       |     2 ||     2
  Use: Potion            |     1 |       |     6 |     3 ||    10
       Scroll            |       |       |    10 |     5 ||    15
 Stab: Distracted        |       |     1 |     2 |     4 ||     7
       Sleeping          |       |       |       |     5 ||     5
  Eat: Chunk             |     2 |     8 |    18 |    38 ||    66
       Ration            |       |       |     1 |       ||     1
Armor: Scale mail        |    65 |    48 |   133 |     3 ||   249
       Steam dragon scal |       |       |       |    73 ||    73
       Shadow dragon sca |       |       |       |   155 ||   155
Dodge: Dodged            |    43 |    55 |    94 |   237 ||   429
Block: Shield            |    62 |    69 |   169 |   351 ||   651
       Rpst.: Long sword |    10 |    16 |    32 |    73 ||   131
       Great sword       |       |       |       |     2 ||     2
